 Dungeon Crawl Stone Soup version 0.28-a0-1493-g0869888 (webtiles) character file.

Game seed: 7303674692161809038

10887 Dorkslayer the Cleaver (level 11, -1/99 HPs)
             Began as a Hill Orc Fighter on Jan 12, 2022.
             Was an Initiate of Gozag.
             Slain by an orc warrior (13 damage)
             ... on level 2 of the Orcish Mines.
             The game lasted 00:35:15 (13201 turns).

Dorkslayer the Cleaver (Hill Orc Fighter)          Turns: 13201, Time: 00:35:15

Health: -1/99      AC: 18    Str: 24    XL:     11   Next: 69%
Magic:  11/11      EV:  7    Int:  8    God:    Gozag
Gold:   2683       SH:  6    Dex: 10    Spells: 10/10 levels left

rFire   . . .      SeeInvis .   a - +4 war axe (freeze)
rCold   + + .      Faith    .   c - +1 buckler
rNeg    . . .      Spirit   .   l - +2 plate armour {rC+}
rPois   .          Reflect  .   (no helmet)
rElec   .          Harm     .   d - +0 cloak
rCorr   .          Rampage  .   r - +0 pair of gloves
Will    .....                   (no boots)
Stlth   ..........              D - amulet of the acrobat
HPRegen 0.26/turn               i - ring of protection from cold
MPRegen 0.12/turn               (no ring)

@: about to teleport, studying Evocations
A: no striking features
a: Renounce Religion, Convert to Beogh, Potion Petition, Call Merchant, Bribe
Branch


You were on level 2 of the Orcish Mines.
You worshipped Gozag.
Gozag was most pleased with you.
You visited 3 branches of the dungeon, and saw 13 of its levels.
You also visited: Ossuary and Bailey.

You collected 2863 gold pieces.
You paid 180 gold pieces to Gozag.

Inventory:

Hand Weapons
 a - a +4 war axe of freezing (weapon)
Missiles
 k - 6 atropa-tipped darts
 p - 27 poisoned darts
 s - 27 boomerangs
 t - 6 javelins (quivered)
 C - 6 silver javelins
Armour
 c - a +1 buckler (worn)
 d - a +0 cloak (worn)
 l - a +2 plate armour of cold resistance (worn)
 r - a +0 pair of gloves (worn)
Jewellery
 i - a ring of protection from cold (left hand)
 D - an amulet of the acrobat (around neck)
Wands
 b - a wand of flame (28)
 B - a wand of iceblast (9)
Scrolls
 q - a scroll of teleportation
 v - 3 scrolls of fog
 w - 2 scrolls of amnesia
Potions
 e - a potion of invisibility
 f - a potion of ambrosia
 j - 2 potions of magic
 m - a potion of lignification
 n - 2 potions of haste
 o - 3 potions of curing
 u - 2 potions of brilliance {unknown}
 x - a potion of degeneration {unknown}
 z - 2 potions of resistance
 A - a potion of berserk rage {unknown}


   Skills:
 * Level 9.7 Fighting
 + Level 13.4 Axes
 + Level 4.4 Throwing
 + Level 8.6 Armour
 + Level 1.5 Dodging
 + Level 3.2 Stealth
 + Level 5.9 Shields
 * Level 8.9 Evocations


You had 10 spell levels left.
You didn't know any spells.
Your spell library contained the following spells:

 Spells                   Type           Power      Damage    Failure   Level
 Animate Skeleton         Necr           0%         N/A       100%        1
 Magic Dart               Conj           0%         1d3       100%        1
 Pain                     Necr           0%         1d4       100%        1
 Sting                    Tmut/Pois      0%         1d3       100%        1
 Poisonous Vapours        Pois/Air       0%         N/A       100%        2
 Searing Ray              Conj           0%         2d4       100%        2
 Ignite Poison            Fire/Tmut/Pois 0%         N/A       100%        3
 Mephitic Cloud           Conj/Pois/Air  0%         N/A       100%        3
 Vampiric Draining        Necr           0%         2d6       100%        3
 Fulminant Prism          Conj/Hex       0%         3d6       100%        4
 Ice Form                 Ice/Tmut       0%         N/A       100%        4
 Olgreb's Toxic Radiance  Pois           0%         N/A       100%        4
 Summon Lightning Spire   Summ/Air       0%         N/A       100%        4
 Alistair's Intoxication  Tmut/Pois      0%         N/A       100%        5
 Freezing Cloud           Conj/Ice/Air   0%         6-21      100%        5
 Statue Form              Tmut/Erth      0%         N/A       100%        6
 Storm Form               Tmut/Air       0%         N/A       100%        7
 Maxwell's Capacitive Co  Air            0%         ∞         100%        8
 Chain Lightning          Conj/Air       0%         N/A       100%        9
 Fire Storm               Conj/Fire      0%         5d1       100%        9
 Shatter                  Erth           0%         3d5*      100%        9


Dungeon Overview and Level Annotations

Branches:
Dungeon (10/15)            Temple (1/1) D:7            Lair (0/6) D:8
    Orc (2/2) D:9             Elf (0/3) Orc:2       Ossuary (visited)
 Bailey (visited)

Altars:
Ashenzari
Cheibriados
Dithmenos
Gozag
Hepliaklqana
Makhleb
Nemelex Xobeh
Okawaru
Ru
Sif Muna
Trog
Uskayaw
Vehumet
Xom
Yredelemnul
Zin
The Shining One

Shops:
D:6 [   D:7 [


Message History

The orc priest shouts, "Surrender to Beogh and we'll let you live!"
The orc priest shouts!
You barely miss the troll.
The orc priest mumbles some strange prayers to Beogh against you.
Beogh smites you!
The orc priest calls down the wrath of Beogh upon you.
Beogh smites you! The troll bites you but does no damage.
You block the troll's attack. The troll claws you.
You hit the troll. You freeze the troll.
The troll is lightly wounded.
The troll bites you but does no damage. The troll closely misses you.
You block the troll's attack.
Unknown command.
The orc warrior hits you from afar with a +0 halberd.
The orc priest invokes the aid of Beogh against you.
Beogh smites you! The orc warrior closely misses you.
The orc priest invokes the aid of Beogh against you.
Beogh smites you!
The orc priest invokes the aid of Beogh against you.
Beogh smites you!
The orc priest calls down the wrath of Beogh upon you.
Pain shoots through your body!
The orc priest invokes the aid of Beogh against you.
Beogh smites you!
* * * LOW HITPOINT WARNING * * *
As you read the scroll of teleportation, it crumbles to dust.
You feel strangely unstable.
The orc priest begins to cast a cantrip, but forgets the words!
The troll closely misses you. The troll barely misses you.
The troll claws you but does no damage. You block the orc warrior's attack.
As you read the scroll of fog, it crumbles to dust.
The scroll dissolves into smoke.
The troll bites you.
* * * LOW HITPOINT WARNING * * *
The troll barely misses you. The troll claws you.
* * * LOW HITPOINT WARNING * * *
The orc priest invokes the aid of Beogh against you.
You struggle to resist.
The orc warrior hits you from afar with a +0 halberd!
You die...
Your body crumbles into a pile of gold.

#####.............
##.#.............
#.............#..
##...........###.
#####..o.......##
##.#...........##
#.§§o.o.......##
##§§T§§......##
##§@§......## ###
#§§§§....###
##.####...###.##
#...#....## ##
##........#
#.......## #######
#.....###
#.#.#.####.#...##
.......##......$#


You could see a troll, an orc warrior and 2 orc priests.

Vanquished Creatures
  An orc warlord (Bailey)
  An orc knight (Orc:1)
  An orc sorcerer (Orc:2)
  3 trolls (Orc:2)
  Grinder (D:6)
  9 yaks
  A steam dragon (D:8)
  3 wargs
  Menkaure (D:5)
  2 water moccasins
  An ice beast (D:6)
  18 orc warriors
  2 hornet zombies
  2 necrophages
  5 ogres
  5 centaurs
  A phantom (D:7)
  3 bullfrogs
  A kobold brigand (D:9)
  2 scorpions
  4 water moccasin zombies
  A wyvern skeleton (D:7)
  A water moccasin skeleton (D:5)
  8 killer bees
  4 electric eels
  3 centaur zombies
  2 bullfrog zombies (D:5)
  15 orc priests
  2 gnoll shamans
  Crazy Yiuf (D:2)
  A hound (D:5)
  A jelly (D:6)
  A centaur skeleton (D:5)
  A scorpion zombie (D:5)
  A bullfrog skeleton (D:5)
  3 iguanas
  14 orc wizards
  4 killer bee zombies
  A hound zombie (D:5)
  2 hound skeletons
  2 mummies (Ossuary)
  A howler monkey skeleton (D:7)
  10 gnolls
  13 adders
  2 shadow imps
  3 worms
  2 dart slugs (D:4)
  49 orcs
  9 endoplasms
  3 giant cockroaches
  9 hobgoblins
  21 kobolds
  3 quokkas
  5 ball pythons
  4 bats
  4 frilled lizards
  7 gnoll zombies (Ossuary)
  8 goblins
  2 goblin zombies (Ossuary)
  2 hobgoblin zombies (Ossuary)
  2 orc zombies (Ossuary)
  A quokka zombie (D:6)
  7 rats
  A rat zombie (D:6)
303 creatures vanquished.

Vanquished Creatures (collateral kills)
  A howler monkey skeleton (D:5)
1 creature vanquished.

Vanquished Creatures (others)
  5 plants
  2 withered plants (D:5)
7 creatures vanquished.

Grand Total: 311 creatures vanquished

Notes
Turn   | Place    | Note
-------+----------+-------------------------------------------
     0 | D:1      | Dorkslayer the Hill Orc Fighter began the quest for the
                  | Orb.
     0 | D:1      | Reached XP level 1. HP: 19/19 MP: 1/1
   151 | D:1      | Reached XP level 2. HP: 23/27 MP: 2/2
   158 | D:1      | Got the Grimoire of Transmutation
   388 | D:1      | Found a faded altar of an unknown god.
   457 | D:1      | Reached skill level 3 in Axes
   493 | D:1      | Reached XP level 3. HP: 29/33 MP: 3/3
   904 | D:2      | Reached XP level 4. HP: 38/40 MP: 4/4
  1028 | D:2      | Found a runed translucent door.
  1033 | D:2      | Noticed Crazy Yiuf
  1258 | D:2      | Reached skill level 4 in Axes
  1914 | D:2      | Killed Crazy Yiuf
  1915 | D:2      | Reached XP level 5. HP: 38/46 MP: 5/5
  3064 | D:4      | Noticed an orc warrior
  3067 | D:4      | Reached skill level 1 in Throwing
  3067 | D:4      | Reached XP level 6. HP: 48/53 MP: 6/6
  3072 | D:4      | Reached skill level 1 in Evocations
  3086 | D:4      | Killed an orc warrior
  3087 | D:4      | Reached skill level 5 in Axes
  3390 | D:4      | Reached skill level 5 in Armour
  3390 | D:4      | Reached XP level 7. HP: 25/60 MP: 7/7
  3788 | D:5      | Entered Level 5 of the Dungeon
  3802 | D:5      | Reached skill level 6 in Axes
  3804 | D:5      | Reached skill level 1 in Stealth
  3868 | D:5      | Identified the +1 falchion "Xojunu" {speed, MP+9 Str+3
                  | Int+3}
  4022 | D:5      | Reached skill level 1 in Dodging
  4022 | D:5      | Reached XP level 8. HP: 49/67 MP: 8/8
  4071 | D:5      | Reached skill level 7 in Axes
  4588 | D:5      | Noticed Menkaure
  4598 | D:5      | Killed Menkaure
  4599 | D:5      | Reached skill level 5 in Fighting
  4973 | D:6      | Found Didi's Antique Armour Emporium.
  5027 | D:6      | Reached skill level 8 in Axes
  5076 | D:6      | Reached XP level 9. HP: 26/74 MP: 9/9
  5169 | D:6      | Noticed Grinder
  5180 | D:6      | Killed Grinder
  5198 | D:6      | Found a sand-covered staircase.
  5205 | Ossuary  | Entered an ossuary
  5342 | Ossuary  | Reached skill level 9 in Axes
  6439 | D:7      | Found a staircase to the Ecumenical Temple.
  6450 | Temple   | Entered the Ecumenical Temple
  6467 | Temple   | Became a worshipper of Gozag Ym Sagoz the Greedy
  6516 | D:7      | Found a flagged portal.
  6547 | Bailey   | Entered a bailey
  6552 | Bailey   | Noticed an orc warlord
  6799 | Bailey   | Reached skill level 5 in Shields
  6916 | Bailey   | Found a runed translucent gate.
  6952 | Bailey   | Found a runed translucent gate.
  6952 | Bailey   | Found a runed translucent gate.
  7092 | Bailey   | Killed an orc warlord
  7093 | Bailey   | Reached skill level 10 in Axes
  7093 | Bailey   | Reached skill level 5 in Evocations
  7093 | Bailey   | Reached XP level 10. HP: 32/84 MP: 10/10
  7144 | Bailey   | Acquired a manual of Evocations
  7958 | D:7      | Found Jiemen's Armour Emporium.
  8563 | D:8      | Found a staircase to the Lair.
  8563 | D:8      | You fall into a shaft and drop 2 floors!
  8563 | D:10     | Entered Level 10 of the Dungeon
  8570 | D:9      | Found a transporter.
  8614 | D:9      | Found a transporter.
  9059 | D:8      | Reached skill level 11 in Axes
  9916 | D:9      | Found a sparkling altar of Nemelex Xobeh.
 10060 | D:9      | Reached skill level 12 in Axes
 10079 | D:9      | Reached XP level 11. HP: 84/95 MP: 11/11
 10508 | D:9      | Found a staircase to the Orcish Mines.
 10968 | Orc:1    | Entered Level 1 of the Orcish Mines
 11048 | Orc:2    | Entered Level 2 of the Orcish Mines
 11410 | Orc:2    | Reached skill level 13 in Axes
 11759 | Orc:1    | Noticed an orc knight
 11792 | Orc:1    | Killed an orc knight
 12387 | Orc:2    | Noticed an orc sorcerer
 12401 | Orc:2    | Killed an orc sorcerer
 12406 | Orc:2    | Found a staircase to the Elven Halls.
 13201 | Orc:2    | Slain by an orc warrior

Illustrated notes

Levels and vault maps discovered:
D:1:      eino_arrival_tree_alley, layout_basic,
          hellmonk_ecumenical_altar_run_dry, minmay_shallow_snake_nest
D:2:      layout_basic, uniq_crazy_yiuf_cottage
D:3:      layout_loops_ring, serial_glass, glass_columns_b, glass_columns_b
D:4:      layout_cave_pools
D:5:      layout_gridville, serial_undead, serial_undead_a, serial_undead_d,
          serial_undead_d, serial_undead_c, uniq_menkaure
D:6:      layout_layer_cave, enter_ossuary_4, serial_shops, shop, uniq_grinder
D:7:      layout_basic, minmay_temple_entry_offerings, serial_shops,
          nicolae_inconvenience_store, enter_bailey_4, grunt_ministairs_8
D:8:      layout_basic, lair_entry_dummy, chequers_garden
D:9:      gammafunk_steamed_eel, layout_loops_ring,
          mainiacjoe_overflow_tiny_flanked, erik_orc_4
D:10:     layout_rooms, gammafunk_ghost_abyssal_escape
Temple:   dpeg_three_leaves_temple
Orc:1:    layout_diamond_mine
Orc:2:    pf_orc_diabolical, layout_caves, basic_altar

Skill      XL: |  1  2  3  4  5  6  7  8  9 10 11 |
---------------+----------------------------------+-----
Fighting       | 4 5 6 8 9 |  9.7
Axes           | 3 4 5 6 8 10 12 13 | 13.4
Armour         | 4 5 6 7 8 |  8.6
Throwing       | 1 2 3 4 |  4.4
Shields        | 4 5 |  5.9
Evocations     | 1 2 3 5 7 8 |  8.9
Stealth        | 1 2 3 |  3.2
Dodging        | 1 |  1.5

Action                   |  1- 3 |  4- 6 |  7- 9 | 10-12 || total
-------------------------+-------+-------+-------+-------++-------
Melee: War axe           |    86 |   124 |   272 |   410 ||   892
Throw: Dart              |       |     6 |    14 |    14 ||    34
       Javelin           |       |       |       |     1 ||     1
       Boomerang         |       |       |       |     1 ||     1
Evoke: Wand              |       |       |     8 |     6 ||    14
  Use: Scroll            |       |     9 |     8 |     9 ||    26
       Potion            |       |     3 |     2 |     2 ||     7
 Stab: Invisible         |       |     1 |     1 |     2 ||     4
       Paralysed         |       |       |    11 |       ||    11
       Distracted        |       |       |       |     2 ||     2
Armor: Scale mail        |    11 |       |       |       ||    11
       Chain mail        |    30 |    53 |       |       ||    83
       Plate armour      |       |    15 |   150 |   196 ||   361
Dodge: Dodged            |    37 |    37 |    78 |   139 ||   291
Block: Buckler           |    17 |    29 |    77 |   114 ||   237

Table legend: (Time is in decaauts)
 A = Elapsed time spent in this place.
 B = Non-inter-level travel time spent in this place.
 C = Inter-level travel time spent in this place.
 D = Time resting spent in this place.
 E = Time spent auto-exploring this place.
 F = Levels seen in this place.
 G = Mean time per level.
                   A        B        C        D        E       F      G
               +--------+--------+--------+--------+--------+-----+--------+
         Total |  13291 |  13291 |      0 |   2933 |   3992 |  15 |  886.1 |
       Dungeon |  10020 |  10020 |      0 |   1498 |   3880 |  10 | 1002.0 |
        Temple |     27 |     27 |      0 |      0 |      0 |   1 |   27.0 |
  Orcish Mines |   2200 |   2200 |      0 |   1016 |     78 |   2 | 1100.0 |
       Ossuary |    274 |    274 |      0 |    122 |     34 |   1 |  274.0 |
        Bailey |    768 |    768 |      0 |    297 |      0 |   1 |  768.0 |
               +--------+--------+--------+--------+--------+-----+--------+

Top non-repeatable levels by time:
     D:8: 1334 daAuts
     D:2: 1286 daAuts
     D:7: 1279 daAuts
   Orc:2: 1246 daAuts
     D:6: 1219 daAuts
     D:9: 1172 daAuts
     D:5: 1148 daAuts
   Orc:1: 953 daAuts
     D:3: 940 daAuts
     D:4: 856 daAuts
     D:1: 778 daAuts
  Bailey: 768 daAuts
 Ossuary: 274 daAuts
  Temple: 27 daAuts
    D:10: 4 daAuts
